 Dungeon Crawl Stone Soup version 0.31.0-11-ge490571c62 (webtiles) character file.

Game seed: 15942756319819366460

824 PaiMei the Purveyor of Pain (level 7, -4/53 HPs)
             Began as a Demonspawn Necromancer on Feb 5, 2024.
             Was an Initiate of Kikubaaqudgha.
             Slain by Duvessa
             ... wielding a +0 rapier
              (9 damage)
             ... on level 5 of the Dungeon.
             The game lasted 00:07:49 (5780 turns).

PaiMei the Purveyor of Pain (DsNe)                  Turns: 5780, Time: 00:07:49

Health: -4/53      AC:  4    Str:  9    XL:     7   Next: 64%
Magic:  0/13       EV: 14    Int: 17    God:    Kikubaaqudgha [......]
Gold:   342        SH:  0    Dex: 20    Spells: 10/14 levels left

rFire   . . .        k - +1 dagger (drain)
rCold   + + +        (no shield)
rNeg    . . .        B - +0 leather armour of Devotion {+Blink rC+ Dex+4}
rPois   .            (helmet restricted)
rElec   .            (no cloak)
rCorr   .            (no gloves)
SInv    .            q - +0 pair of boots
Will    .....        x - amulet "Wischoeg" {Acrobat -Tele rC++ Dex+3}
Stlth   ++           (no ring)
HPRegen 0.28/turn    (no ring)
MPRegen 0.26/turn

%: no teleportation, acrobat
@: hasted, very quick
A: antennae 2, claws 1, magic regeneration
a: Renounce Religion, Evoke Blink


You were on level 5 of the Dungeon.
You worshipped Kikubaaqudgha.
Kikubaaqudgha was noncommittal.
You visited 2 branches of the dungeon, and saw 6 of its levels.

You collected 342 gold pieces.

Inventory:

Hand Weapons
 d - a +0 dagger
 j - a +0 long sword
 k - a +1 dagger of draining (weapon)
Missiles
 c - 14 poisoned darts (quivered)
Armour
 a - a +0 robe
 g - a +0 helmet
 q - a +0 pair of boots (worn)
 r - a +0 tower shield
 B - the +0 leather armour of Devotion (worn) {+Blink rC+ Dex+4}
   (You found it on level 4 of the Dungeon)

   Dex+4:     It affects your dexterity (+4).
   rC+:       It protects you from cold.
   +Blink:    It lets you blink.
Jewellery
 n - a ring of fire
 x - the amulet "Wischoeg" (around neck) {Acrobat -Tele rC++ Dex+3}
   (You found it on level 3 of the Dungeon)

   [amulet of the acrobat]

   Acrobat:   It increases your evasion while moving and waiting.
   Dex+3:     It affects your dexterity (+3).
   rC++:      It greatly protects you from cold.
   -Tele:     It prevents most forms of teleportation.
 D - a ring of flight
 E - an amulet of regeneration
 G - a ring of fire
Wands
 u - a wand of flame (21)
 I - a wand of charming (7)
Scrolls
 h - 2 scrolls of teleportation {unknown}
 l - 2 scrolls of amnesia {unknown}
 o - 2 scrolls of brand weapon {unknown}
 p - 3 scrolls of identify {unknown}
 t - a scroll of immolation {unknown}
 v - a scroll of enchant weapon {unknown}
 y - a scroll of poison {unknown}
 z - a scroll of acquirement {unknown}
 C - a scroll of fog {unknown}
 F - a scroll of vulnerability {unknown}
 H - a scroll of blinking {unknown}
Potions
 b - 2 potions of magic
 e - 2 potions of curing
 f - a potion of mutation {unknown}
 i - 2 potions of haste
 m - a potion of lignification {unknown}
 s - a potion of degeneration {unknown}
 w - a potion of cancellation {unknown}
 A - a potion of might {unknown}


   Skills:
 + Level 3.8 Fighting
 + Level 4.2 Dodging
 - Level 2.1 Stealth
 + Level 4.3 Spellcasting
 + Level 6.4 Necromancy


You had 10 spell levels left.
You knew the following spells:

 Your Spells              Type           Power      Damage    Failure   Level
a - Necrotise             Necr           100%       1d9       1%          1
b - Vampiric Draining     Necr           25%        2d7       4%          3

Your spell library contained the following spells:

 Spells                   Type           Power      Damage    Failure   Level
 Animate Dead             Necr           25%        N/A       16%         4
 Summon Small Mammal      Summ           12%        N/A       22%         1
 Curse of Agony           Necr           25%        N/A       38%         5
 Call Canine Familiar     Summ           3%         N/A       54%         3
 Sigil of Binding         Hex            3%         N/A       54%         3
 Volatile Blastmotes      Fire/Tloc      6%         2d10      54%         3
 Dimensional Bullseye     Hex/Tloc       1%         N/A       91%         4
 Fulminant Prism          Conj/Alch      1%         3d5       91%         4
 Iskenderun's Mystic Bla  Conj/Tloc      3%         2d3       91%         4
 Summon Blazeheart Golem  Fire/Summ      3%         N/A       91%         4


Dungeon Overview and Level Annotations

Branches:
Dungeon (5/15)             Temple (1/1) D:5

Altars:
Ashenzari
Dithmenos
Fedhas
Gozag
Hepliaklqana
Kikubaaqudgha
Makhleb
Nemelex Xobeh
Qazlal
Sif Muna
Trog
Uskayaw
Vehumet

Shops:
D:4 ![

Annotations:
D:5 Duvessa, Sigmund


Innate Abilities, Weirdness & Mutations

You have a pair of antennae on your head.
You have sharp fingernails.
You regenerate magic rapidly.


Message History

Casting: Vampiric Draining (dangerous; 4% risk of failure)
Confirm with . or Enter, or press ? or * to list all spells.
You don't have enough magic to cast this spell.
You hit Duvessa but do no damage. You drain Duvessa.
Duvessa is severely wounded.
Duvessa barely misses you. Duvessa hits you with a +0 rapier.
* * * LOW HITPOINT WARNING * * *
You hit Duvessa. You claw Duvessa, but do no damage.
Duvessa is severely wounded.
Duvessa hits you with a +0 rapier!
* * * LOW HITPOINT WARNING * * *
Casting: Vampiric Draining (dangerous; 4% risk of failure)
Confirm with . or Enter, or press ? or * to list all spells.
Aiming: Necrotise (safe; 1% risk of failure)
Press: ? - help, Shift-Dir - straight line, f/p - Duvessa
Aim: Duvessa, wielding a +0 rapier and wearing a +0 chain mail (severely wounded, berserk, heavily drained, chance to affect: 83%) Duvessa barely resists.
Duvessa misses you. Duvessa closely misses you.
Casting: Necrotise (safe; 1% risk of failure)
Confirm with . or Enter, or press ? or * to list all spells.
You don't have enough magic to cast this spell.
You hit Duvessa but do no damage. You drain Duvessa.
Duvessa is severely wounded.
Duvessa closely misses you.
It was a potion of curing.
You feel better. Duvessa hits you with a +0 rapier.
* * * LOW HITPOINT WARNING * * *
Duvessa barely misses you.
Casting: Necrotise (safe; 1% risk of failure)
Confirm with . or Enter, or press ? or * to list all spells.
Aiming: Necrotise (safe; 1% risk of failure)
Press: ? - help, Shift-Dir - straight line, f/p - Duvessa
Aim: Duvessa, wielding a +0 rapier and wearing a +0 chain mail (severely wounded, berserk, heavily drained, chance to affect: 88%) Duvessa writhes in agony.
Duvessa hits you with a +0 rapier!
* * * LOW HITPOINT WARNING * * *
You feel better. Duvessa hits you with a +0 rapier!
* * * LOW HITPOINT WARNING * * *
Duvessa misses you.
It was a potion of haste.
You feel yourself speed up. Duvessa hits you with a +0 rapier!
You die...
Kikubaaqudgha rasps: "You have failed me!
Welcome... death!"

§§.#._. ...
.....≈..... ..
.....≈.#### ..
....≈..... ######.
...≈≈§≈≈≈
#..#..########...§...
#.......#........)...
#...e...#............
#.$.@...#............
#..####.##.####..##..
##+####.##.####..##..
#............†...##..
#................####
#.............)...#
#.................#
#.................#
###################


You could see Duvessa (berserk, very drained).

Vanquished Creatures
  An ice beast (D:5)
  Blork the orc (D:5)
  3 scorpions
  Dowan (D:5)
  A jelly (D:4)
  2 hounds
  An orc priest (D:5)
  A bombardier beetle (D:5)
  2 iguanas
  Terence (D:2)
  An orc wizard (D:4)
  Robin (D:3)
  3 gnolls
  4 adders
  3 dart slugs
  4 ribbon worms
  8 orcs
  14 ball pythons
  3 bats
  5 endoplasms
  4 giant cockroaches
  A goblin (D:3)
  9 hobgoblins
  2 jackals (D:1)
  A frilled lizard (D:1)
  10 kobolds
87 creatures vanquished.

Vanquished Creatures (collateral kills)
  A ball python (D:3)
  3 goblins (D:3)
4 creatures vanquished.

Grand Total: 91 creatures vanquished

Notes
Turn   | Place    | Note
-------+----------+-------------------------------------------
     0 | D:1      | PaiMei the Demonspawn Necromancer began the quest for the
                  | Orb.
     0 | D:1      | Reached XP level 1. HP: 13/13 MP: 3/3
   281 | D:1      | Discovered your monstrous ancestry.
   281 | D:1      | Gained mutation: You have a pair of small antennae on your
                  | head. [demonic ancestry]
   281 | D:1      | Reached XP level 2. HP: 9/19 MP: 0/5
  1328 | D:2      | Noticed Terence
  1414 | D:2      | Reached skill level 1 in Fighting
  1414 | D:2      | Gained mutation: You regenerate magic rapidly. [demonic
                  | ancestry]
  1414 | D:2      | Reached XP level 3. HP: 23/26 MP: 1/6
  1418 | D:2      | Learned a level 3 spell: Vampiric Draining
  1601 | D:2      | Gained mutation: You have sharp fingernails. [demonic
                  | ancestry]
  1601 | D:2      | Reached XP level 4. HP: 29/32 MP: 0/7
  2090 | D:2      | Killed Terence
  2091 | D:2      | Reached skill level 5 in Necromancy
  2258 | D:3      | Identified the amulet "Wischoeg" {Acrobat -Tele rC++ Dex+3}
  2585 | D:3      | Found a hide-covered altar of Uskayaw.
  3395 | D:3      | Noticed Robin
  3400 | D:3      | Killed Robin
  3586 | D:4      | Reached XP level 5. HP: 36/38 MP: 5/9
  3635 | D:4      | Found Biudwy's Distillery.
  3848 | D:4      | Identified the +0 leather armour of Devotion {+Blink rC+
                  | Dex+4}
  3908 | D:4      | Found Hojewys's Armour Shoppe.
  4438 | D:4      | Reached XP level 6. HP: 33/46 MP: 3/11
  4583 | D:5      | Entered Level 5 of the Dungeon
  4703 | D:5      | Noticed Blork the orc
  4717 | D:5      | Killed Blork the orc
  4825 | D:5      | Noticed Duvessa
  4825 | D:5      | Noticed Dowan
  4852 | D:5      | Killed Dowan
  5120 | D:5      | Noticed an ice beast
  5128 | D:5      | Killed an ice beast
  5129 | D:5      | Reached skill level 6 in Necromancy
  5129 | D:5      | Gained mutation: You have a pair of antennae on your head.
                  | [demonic ancestry]
  5129 | D:5      | Reached XP level 7. HP: 48/52 MP: 2/12
  5454 | D:5      | Found a staircase to the Ecumenical Temple.
  5463 | D:5      | Noticed Sigmund
  5501 | Temple   | Entered the Ecumenical Temple
  5542 | Temple   | Became a worshipper of Kikubaaqudgha
  5780 | D:5      | Slain by Duvessa

Illustrated notes

Levels and vault maps discovered:
D:1:      minmay_arrival_hallway, layout_basic, serial_forest,
          infiniplex_forest_straight_1, infiniplex_forest_straight_1,
          infiniplex_forest_straight_3, infiniplex_forest_fountain,
          infiniplex_forest_straight_5, infiniplex_forest_lined_1
D:2:      layout_basic, uniq_terence
D:3:      layout_loops_corners, nicolae_uskayaw_dance_hall, uniq_robin
D:4:      layout_basic, serial_shops, nicolae_shop_tiny_glass,
          nicolae_shop_pleasant_corner_grove, grunt_decor_fettered
D:5:      layout_gridville, mainiacjoe_overflow_brackets,
          minmay_temple_entry_statues, uniq_blork_the_orc, uniq_duvessa,
          uniq_sigmund
Temple:   minmay_temple_curvy_branch

Skill      XL: |  1  2  3  4  5  6  7 |
---------------+----------------------+-----
Dodging        | 2 3 4 |  4.2
Stealth        | 2 |  2.1
Fighting       | 1 2 3 |  3.8
Necromancy     | 5 6 |  6.4
Spellcasting   | 3 4 |  4.3

Action                     |  1- 3 |  4- 6 |  7- 9 || total
---------------------------+-------+-------+-------++-------
  Melee: Dagger            |    14 |    19 |     7 ||    40
         Punch             |     1 |       |     1 ||     2
   Cast: Necrotise         |    53 |   140 |    42 ||   235
         Vampiric Draining |       |     4 |     8 ||    12
    Use: Potion            |       |       |     3 ||     3
 Armour: Robe              |    27 |    10 |       ||    37
         Leather armour    |       |    21 |    18 ||    39
  Dodge: Dodged            |    36 |    44 |    21 ||   101
